 Dungeon Crawl Stone Soup version 0.31-a0-18-gea43df2a32 (webtiles) character file.

Game seed: 16017951552436525085

3432 BlasphemerAmon the Ruffian (level 9, -2/85 HPs)
             Began as a Troll Warper on May 10, 2023.
             Was an Initiate of Gozag.
             Engulfed by a steam dragon's steam (5 damage)
             ... on level 8 of the Dungeon.
             The game lasted 00:10:59 (6632 turns).

BlasphemerAmon the Ruffian (Troll Warper)           Turns: 6632, Time: 00:10:59

Health: -2/85      AC:  4    Str: 29    XL:     9   Next: 77%
Magic:  22/22      EV: 15    Int:  8    God:    Gozag
Gold:   328        SH:  0    Dex:  8    Spells: 12/15 levels left

rFire   . .          .
                       - Unarmed
rCold   . . .        (no shield)
rNeg    . . .        a - +0 robe
rPois   .            (helmet restricted)
rElec   .            (no cloak)
rCorr   .            (gloves unavailable)
SInv    .            (boots unavailable)
Will    .....        t - amulet of faith
Stlth   +            d - ring of magical power
HPRegen 1.14/turn    m - +5 ring of evasion
MPRegen 0.18/turn

%: faith
@: confused, lethally poisoned (-2 -> -3), ambrosia-drunk, gold aura
A: large, unfitting armour, claws 3, regeneration 1, shaggy fur 1, tough skin 1,
talons 1, strong 1, wild magic 1, inability to read after injury 1
a: Renounce Religion, Potion Petition, Call Merchant, Bribe Branch


You were on level 8 of the Dungeon.
You worshipped Gozag.
Gozag was aware of your devotion.
You visited 2 branches of the dungeon, and saw 9 of its levels.
You also visited: Sewer.

You collected 461 gold pieces.
You paid 133 gold pieces to Gozag.

Inventory:

Missiles
 c - 7 boomerangs of dispersal (quivered)
 q - 2 boomerangs
Armour
 a - a +0 robe (worn)
 A - a scarf of shadows
Jewellery
 d - a ring of magical power (left claw)
 e - a ring of ice
 m - a +5 ring of evasion (right claw)
 t - an amulet of faith (around neck)
Wands
 w - a wand of flame (21)
Scrolls
 b - 3 scrolls of blinking
 j - a scroll of magic mapping
 k - 4 scrolls of identify
 o - 3 scrolls of enchant weapon {unknown}
 p - a scroll of enchant armour {unknown}
 r - a scroll of vulnerability {unknown}
 v - 4 scrolls of teleportation
 x - a scroll of amnesia {unknown}
 y - a scroll of fear {unknown}
 B - a scroll of noise {unknown}
Potions
 f - a potion of cancellation
 h - a potion of magic {unknown}
 i - a potion of ambrosia
 l - a potion of flight {unknown}
 s - 2 potions of attraction {unknown}
 u - 5 potions of brilliance
 z - 2 potions of might {unknown}


   Skills:
 + Level 4.6 Fighting
 - Level 0.9 Throwing
 + Level 4.1 Armour
 + Level 4.7 Dodging
 + Level 5.6 Unarmed Combat
 + Level 3.5 Spellcasting
 + Level 4.6 Translocations
 + Level 3.6 Ice Magic


You had 12 spell levels left.
You knew the following spells:

 Your Spells              Type           Power      Damage    Failure   Level
a - Blink                 Tloc           22%        N/A       11%         2
b - Freeze                Ice            36%        1d5       11%         1

Your spell library contained the following spells:

 Spells                   Type           Power      Damage    Failure   Level
 Lesser Beckoning         Tloc           22%        N/A       11%         2
 Gell's Gravitas          Tloc           11%        N/A       21%         3
 Teleport Other           Tloc           11%        N/A       21%         3
 Frozen Ramparts          Ice            18%        1d3       28%         3
 Kiss of Death            Conj/Necr      4%         2d5       38%         1
 Shock                    Conj/Air       4%         1d3       38%         1
 Vhi's Electric Charge    Tloc/Air       12%        N/A       43%         3
 Volatile Blastmotes      Fire/Tloc      12%        2d11      43%         3
 Hailstorm                Conj/Ice       5%         3d4       50%         3
 Manifold Assault         Tloc           11%        N/A       50%         4
 Confusing Touch          Hex            1%         N/A       75%         3
 Swiftness                Air            1%         N/A       75%         3
 Airstrike                Air            0%         2d(1-17)  98%         4
 Dispel Undead            Necr           1%         3d6       98%         4


Dungeon Overview and Level Annotations

Branches:
Dungeon (8/15)             Temple (1/1) D:7           Sewer (visited)
   Lair: D:8-11

Altars:
Ashenzari
Cheibriados
Dithmenos
Elyvilon
Fedhas
Gozag
Hepliaklqana
Kikubaaqudgha
Makhleb
Nemelex Xobeh
Okawaru
Qazlal
Ru
Sif Muna
Trog
Uskayaw
Vehumet
Wu Jian
Xom
Yredelemnul
Zin
The Shining One

Annotations:
D:7 3 runed translucent doors, BlueFish's ghost, novice OpFi; Dittersdorf's ghost, novice GrFi; lotum's ghost, novice OpCj; ooooo's ghost, novice OpCj


Innate Abilities, Weirdness & Mutations

You are too large for most types of armour.
You have claws for hands.
Your natural rate of healing is unusually fast.
You are covered in fur. (AC +1)
You have tough skin. (AC +1)
You have sharp toenails.
Your muscles are strong. (Str +4, Int/Dex -1)
Your spells are a little harder to cast, but a little more powerful.
You occasionally lose the ability to read scrolls when taking damage.


Message History

The orc misses you.
The steam dragon bites you but does no damage.
The steam dragon closely misses you.
The killer bee stings you but does no damage.
The orc hits you with a +0 club.
* * * LOW HITPOINT WARNING * * *
The steam dragon breathes steam at you. The ball of steam misses you.
You closely miss the steam dragon. Your kick misses the steam dragon.
You claw the steam dragon, but do no damage.
The steam dragon is severely wounded.
You are engulfed in a cloud of scalding steam.
* * * LOW HITPOINT WARNING * * *
The killer bee closely misses you. The killer bee stings you.
* * * LOW HITPOINT WARNING * * *
The orc hits you with a +0 club.
* * * LOW HITPOINT WARNING * * *
The steam dragon bites you.
* * * LOW HITPOINT WARNING * * *
The steam dragon closely misses you.
You barely miss the steam dragon. Your kick misses the steam dragon.
The steam dragon is severely wounded.
The killer bee is engulfed in a cloud of scalding steam.
The killer bee stings you.
* * * LOW HITPOINT WARNING * * *
The killer bee is engulfed in a cloud of scalding steam.
The killer bee stings you!
* * * LOW HITPOINT WARNING * * *
You are poisoned.
The killer bee poisons you!
The orc is engulfed in a cloud of scalding steam.
The orc dies!
The steam dragon barely misses you. The steam dragon closely misses you.
Okay, then.
It was a potion of ambrosia.
You are confused.
You feel invigorated.
You are engulfed in a cloud of scalding steam.
You die...
Your body crumbles into a pile of gold.

.......... .........
≈≈≈.... ≈≈...## .....#
....# ####$..#
.§§..#.)§D$###
.≈≈..#.§@yo..#
.....#§..o..##
.....§§§..###### ...
..##.§##..###..# ###..
..###...#........# ....
.........##........
...##.........).........
...#..........))........
...##..........)).>####.


You could see a steam dragon (catching breath), a killer bee, an orc priest and
an orc.

Vanquished Creatures
  Sigmund (D:3)
  A wraith (D:7)
  A wyvern (D:7)
  Eustachio (D:4)
  A steam dragon (D:6)
  Menkaure (D:4)
  A water moccasin (D:6)
  A sky beast (D:4)
  2 black bears
  An ice beast (D:5)
  A centaur (D:6)
  4 ogres
  Blork the orc (D:4)
  A kobold brigand (D:7)
  2 bullfrogs (Sewer)
  A scorpion (D:7)
  3 wights (D:8)
  11 killer bees (D:8)
  A howler monkey (D:5)
  A hound (D:6)
  3 jellies
  2 orc priests
  Jessica (D:3)
  4 iguanas
  4 orc wizards
  Robin (D:4)
  10 adders
  A shadow imp (D:6)
  A white imp (D:5)
  3 ufetubi
  7 worms
  A dart slug (D:4)
  20 orcs
  14 ball pythons
  11 endoplasms
  7 giant cockroaches
  20 goblins
  9 hobgoblins
  9 quokkas
  6 bats
  10 frilled lizards
  14 kobolds
  4 rats
199 creatures vanquished.

Vanquished Creatures (others)
  An orc wizard (D:6)
  An orc (D:8)
2 creatures vanquished.

Grand Total: 201 creatures vanquished

Notes
Turn   | Place    | Note
-------+----------+-------------------------------------------
     0 | D:1      | BlasphemerAmon the Troll Warper began the quest for the
                  | Orb.
     0 | D:1      | Reached XP level 1. HP: 19/19 MP: 1/1
   160 | D:1      | Reached XP level 2. HP: 28/28 MP: 3/3
  1015 | D:2      | Reached XP level 3. HP: 30/35 MP: 4/4
  1135 | D:2      | Learned a level 2 spell: Blink
  1289 | D:2      | Identified the +4 short sword "Xepniu" {elec, *Noise rPois
                  | rN+ Will+}
  1297 | D:2      | Reached XP level 4. HP: 30/42 MP: 5/5
  1384 | D:2      | Reached skill level 1 in Armour
  1666 | D:3      | Found an iron altar of Okawaru.
  1878 | D:3      | Learned a level 1 spell: Freeze
  1883 | D:3      | Noticed Jessica
  1898 | D:3      | Killed Jessica
  2128 | D:3      | Noticed Sigmund
  2137 | D:3      | Reached XP level 5. HP: 33/49 MP: 6/6
  2144 | D:3      | Gained mutation: Your spells are a little harder to cast,
                  | but a little more powerful. [potion of mutation]
  2144 | D:3      | Gained mutation: You have sharp toenails. [potion of
                  | mutation]
  2144 | D:3      | Gained mutation: You occasionally lose the ability to read
                  | scrolls when taking damage. [potion of mutation]
  2144 | D:3      | Gained mutation: Your muscles are strong. (Str +4, Int/Dex
                  | -1) [potion of mutation]
  2160 | D:3      | Killed Sigmund
  2161 | D:3      | Reached skill level 3 in Unarmed Combat
  2161 | D:3      | Reached XP level 6. HP: 16/59 MP: 7/7
  2380 | D:3      | Reached skill level 1 in Ice Magic
  2904 | D:4      | Found a shimmering blue altar of Sif Muna.
  2922 | D:4      | Noticed Eustachio
  2938 | D:4      | Killed Eustachio
  2975 | D:4      | Found a blossoming altar of Fedhas.
  2975 | D:4      | Found a glowing golden altar of the Shining One.
  2984 | D:4      | Found a hazy altar of Hepliaklqana.
  3006 | D:4      | Found a shadowy altar of Dithmenos.
  3260 | D:4      | Reached XP level 7. HP: 66/66 MP: 9/9
  3307 | D:4      | Noticed Menkaure
  3318 | D:4      | Killed Menkaure
  3504 | D:4      | Noticed Blork the orc
  3510 | D:4      | Killed Blork the orc
  3553 | D:4      | Found a sacrificial altar of Ru.
  3588 | D:4      | Noticed Robin
  3599 | D:4      | Killed Robin
  3745 | D:4      | Found a sparkling altar of Nemelex Xobeh.
  3878 | D:5      | Entered Level 5 of the Dungeon
  3937 | D:5      | Reached skill level 4 in Unarmed Combat
  4043 | D:5      | Reached XP level 8. HP: 68/75 MP: 10/10
  4660 | D:6      | Found a glowing drain.
  4697 | Sewer    | Entered a sewer
  4938 | Sewer    | Got Sif Muna's Spellbook of Coordinates
  4996 | D:6      | Reached XP level 9. HP: 61/84 MP: 12/12
  5674 | D:7      | Reached skill level 5 in Unarmed Combat
  5800 | D:7      | Found a runed translucent gate.
  5800 | D:7      | Found a runed translucent gate.
  5800 | D:7      | Found a runed translucent gate.
  5801 | D:7      | Noticed lotum's ghost (novice OpCj)
  5801 | D:7      | Noticed ooooo's ghost (novice OpCj)
  5801 | D:7      | Noticed Dittersdorf's ghost (novice GrFi)
  5801 | D:7      | Noticed BlueFish's ghost (novice OpFi)
  6188 | D:7      | Found a staircase to the Ecumenical Temple.
  6345 | Temple   | Entered the Ecumenical Temple
  6379 | Temple   | Became a worshipper of Gozag Ym Sagoz the Greedy
  6573 | D:8      | Found a white marble altar of Elyvilon.
  6581 | D:8      | Identified the +4 short sword "Killer Klown's Doom" {heavy,
                  | rN+ Int+4 Dex-5 SInv}
  6631 | D:8      | HP: 3/85 [killer bee (7)]
  6632 | D:8      | Engulfed by a steam dragon's steam

Illustrated notes

Levels and vault maps discovered:
D:1:      dreamdust_arrival_beginning_and_end, layout_loops_ring
D:2:      layout_basic
D:3:      layout_basic, mainiacjoe_overflow_cross_hatched,
          minmay_close_crescents, uniq_jessica, uniq_sigmund
D:4:      layout_rooms, kennysheep_mini, mainiacjoe_overflow_catch_the_wave,
          mainiacjoe_overflow_24_doors, led_sif_pool,
          gammafunk_temple_overflow_elements, uniq_blork_the_orc,
          uniq_eustachio, uniq_menkaure, uniq_robin
D:5:      layout_cave_pools
D:6:      layout_basic, cheibrodos_sewer_entry_drain
D:7:      layout_gridville, temple_doors_e, gammafunk_ghost_cemetery
D:8:      layout_cave_pools, mainiacjoe_overflow_chevrons,
          gup_ossuary_entry_pyramid, grunt_decor_cap, minivault_25,
          kennysheep_small_circle, uniq_grum, uniq_gastronok
Temple:   nicolae_temple_ecumenical_triangle

Skill      XL: |  1  2  3  4  5  6  7  8  9 |
---------------+----------------------------+-----
Dodging        | 2 3 4 |  4.7
Fighting       | 2 3 4 |  4.6
Armour         | 1 2 3 4 |  4.1
Unarmed Combat | 3 4 5 |  5.6
Ice Magic      | 1 2 3 |  3.6
Spellcasting   | 2 3 |  3.5
Translocations | 3 4 |  4.6
Throwing       | |  0.9

Action                     |  1- 3 |  4- 6 |  7- 9 || total
---------------------------+-------+-------+-------++-------
  Melee: Unarmed           |    85 |   144 |   334 ||   563
         Punch             |       |     1 |     7 ||     8
         Kick              |       |    14 |    65 ||    79
    Use: Scroll            |     2 |       |     4 ||     6
         Potion            |       |     4 |     4 ||     8
 Armour: Robe              |    29 |    26 |    78 ||   133
         Skin              |       |    13 |    85 ||    98
  Dodge: Dodged            |    47 |   106 |   278 ||   431

Table legend: (Time is in decaauts)
 A = Elapsed time spent in this place.
 B = Non-inter-level travel time spent in this place.
 C = Inter-level travel time spent in this place.
 D = Time resting spent in this place.
 E = Time spent auto-exploring this place.
 F = Levels seen in this place.
 G = Mean time per level.
                   A        B        C        D        E       F      G
               +--------+--------+--------+--------+--------+-----+--------+
         Total |   6623 |   6147 |    476 |    751 |   4221 |  10 |  662.3 |
       Dungeon |   6322 |   5846 |    476 |    751 |   4099 |   8 |  790.2 |
        Temple |     47 |     47 |      0 |      0 |     18 |   1 |   47.0 |
         Sewer |    253 |    253 |      0 |      0 |    104 |   1 |  253.0 |
               +--------+--------+--------+--------+--------+-----+--------+

Top non-repeatable levels by time:
     D:3: 1223 daAuts
     D:4: 989 daAuts
     D:6: 946 daAuts
     D:7: 879 daAuts
     D:1: 869 daAuts
     D:2: 786 daAuts
     D:5: 501 daAuts
   Sewer: 253 daAuts
     D:8: 125 daAuts
  Temple: 47 daAuts
